 Seeded DCSS version 0.29-a0-359-g541a27f54d (webtiles) character file.

Game seed: 3205184115972907668 (custom seed)

2933 NinjaNoafa the Quickloader (level 10, -7/59 HPs)
             Began as a Kobold Hunter on Apr 27, 2022.
             Was an Initiate of Ashenzari.
             Mangled by an orc warrior
             ... wielding a +0 halberd
             ... led by the darkness of Dithmenos
              (26 damage)
             ... on level 6 of the Dungeon on Apr 28, 2022.
             The game lasted 00:12:03 (6735 turns).

NinjaNoafa the Quickloader (Kobold Hunter)          Turns: 6735, Time: 00:12:03

Health: -7/59      AC:  7    Str:  9    XL:     10   Next: 7%
Magic:  24/24      EV: 21    Int: 11    God:    Ashenzari [......]
Gold:   333        SH:  0    Dex: 27    Spells: 9/9 levels left

rFire   + + .      SeeInvis .   h - +2 short sword (venom)
rCold   + . .      Faith    .   (no shield)
rNeg    . . .      Spirit   .   j - +2 robe {rC+}
rPois   +          Reflect  .   (no helmet)
rElec   .          Harm     +   e - scarf {harm}
rCorr   .          Rampage  .   (no gloves)
Will    .....                   m - +2 pair of boots
Stlth   +++++.....              (no amulet)
HPRegen 0.19/turn               l - ring of Guuttiufi {*Slow rPois rF+ MP+9 Dex+5}
MPRegen 0.19/turn               b - ring of protection from fire

@: mighty, hasted, very quick
A: small, no large weapons, nightstalker 3
a: Renounce Religion


You were on level 6 of the Dungeon.
You worshipped Ashenzari.
Ashenzari was noncommittal.
You visited 2 branches of the dungeon, and saw 7 of its levels.

You collected 333 gold pieces.

Inventory:

Hand Weapons
 a - a +2 hand crossbow of freezing
 g - the +5 hand axe of Woutax {drain, *Corrode +Blink rF++}
   (You found it on level 3 of the Dungeon)

   A truly terrible weapon, it drains the life of any living foe it strikes.
   rF:        It greatly protects you from fire.
   +Blink:    It lets you blink.
   *Corrode:  It may corrode you when you take damage.
 h - a +2 short sword of venom (weapon)
Missiles
 d - 8 poisoned darts
 q - 2 datura-tipped darts
 u - 6 curare-tipped darts
Armour
 e - a scarf of harm (worn)
 j - a +2 robe of cold resistance (worn)
 m - a +2 pair of boots (worn)
 A - a +0 buckler
Jewellery
 b - a ring of protection from fire (right hand)
 l - the ring of Guuttiufi (left hand) {*Slow rPois rF+ MP+9 Dex+5}
   (You found it on level 2 of the Dungeon)

   [ring of magical power]

   Dex:       It affects your dexterity (+5).
   rF:        It protects you from fire.
   rPois:     It protects you from poison.
   MP:        It affects your magic capacity (+9).
   *Slow:     It may slow you when you take damage.
 y - a +6 ring of strength
 B - a ring of positive energy
Wands
 k - a wand of flame (18)
 r - a wand of iceblast (4)
 x - a wand of polymorph (6)
Scrolls
 c - a scroll of immolation
 o - 3 scrolls of teleportation
 s - a scroll of fog
 v - a scroll of identify
 z - a scroll of blinking
 C - a scroll of noise
Potions
 f - a potion of brilliance
 n - a potion of attraction
 p - a potion of flight
 t - a potion of curing
 w - a potion of lignification


   Skills:
 - Level 5.1 Fighting
 - Level 5.0 Short Blades
 - Level 9.0 Crossbows
 + Level 6.5 Dodging
 - Level 7.0 Stealth
 - Level 7.0 Invocations
 - Level 5.0 Evocations


You had 9 spell levels left.
You didn't know any spells.
Your spell library contained the following spells:

 Spells                   Type           Power      Damage    Failure   Level
 Sandblast                Erth           0%         2d4       34%         1
 Slow                     Hex            0%         N/A       34%         1
 Passwall                 Tmut/Erth      0%         N/A       47%         2
 Confusing Touch          Hex            0%         N/A       71%         3
 Stone Arrow              Conj/Erth      0%         3d7       71%         3
 Vampiric Draining        Necr           0%         2d6       71%         3


Dungeon Overview and Level Annotations

Branches:
Dungeon (6/15)             Temple (1/1) D:6

Altars:
Ashenzari
Cheibriados
Dithmenos
Elyvilon
Fedhas
Hepliaklqana
Kikubaaqudgha
Nemelex Xobeh
Sif Muna
Trog
Uskayaw
Wu Jian
Xom
Yredelemnul
Zin
The Shining One

Shops:
D:6 !


Innate Abilities, Weirdness & Mutations

You are small and have problems with some larger weapons.
You are completely attuned to the shadows.


Message History

You hit the black bear.
The black bear is poisoned.
The black bear is moderately wounded.
The black bear completely misses you. The black bear barely misses you.
The black bear closely misses you.
You hit the black bear but do no damage.
The black bear is heavily wounded.
The black bear closely misses you.
The black bear claws you but does no damage.
The black bear completely misses you.
You hit the black bear.
The black bear looks as sick as possible!
The black bear is heavily wounded.
You hit the black bear.
The black bear looks as sick as possible!
The black bear is severely wounded.
The black bear completely misses you. The black bear misses you.
The black bear barely misses you.
You hit the black bear.
The black bear looks as sick as possible!
The black bear is almost dead.
The black bear bites you. The black bear misses you.
The black bear completely misses you.
You hit the black bear.
You kill the black bear!
Found a stone staircase leading up.
Things that are here:
a +3 shortbow; a centaur skeleton
There is an open door here.
There is a stone staircase leading down, spattered with blood here.
Dithmenos weaves monsters from the shadows.
Okay, then.
It was a potion of haste.
You feel yourself speed up.
You feel very mighty all of a sudden.
The centaur warrior wields a +0 shortbow.
The centaur warrior shoots an arrow.
The arrow hits you.
You closely miss the orc warrior.
The orc knight hits you but does no damage.
The manticore bites you!! The manticore claws you! The manticore misses you.
The orc warrior hits you with a +0 halberd!!
You die...

#.# #.###.###..# # #.#
####..##.# #..# # #.#
#...#....# #..# #
#.##########..#.#...#
##.# #
#............#...#..#
#># #
#..##########..∩..#.#
#.# # #..# #.#...#..#
#.#### #####..#
#.H#.#..## #.#...
#...)).### #####@o.#...#
#.#.##
#.#..)........oo#.######
#.#.## ##.#.########o#c#
#.#.## ...#.# #.#.#
#.#.## #####.# #o#.#
#######'#'## .# #.#.#
#........... ########
#.#.####...........
.......#
#.#....'...........
#.####.#
#.######...[.......


You could see an orc knight (summoned), a centaur warrior (summoned), a
manticore (summoned), an orc warrior (summoned) and 3 orcs.

Vanquished Creatures
  Sigmund (D:2)
  5 yaks (D:6)
  Edmund (D:5)
  An ice beast (D:6)
  An orc warrior (D:5)
  A black bear (D:6)
  2 ogres (D:5)
  4 centaurs (D:6)
  4 phantoms
  6 scorpions
  5 jellies
  An orc priest (D:5)
  Jessica (D:2)
  2 orc wizards
  6 adders
  7 gnolls
  A shadow imp (D:6)
  A worm (D:2)
  A dart slug (D:1)
  12 orcs
  5 bats
  7 endoplasms
  4 giant cockroaches
  6 goblins
  7 hobgoblins
  4 iguanas
  8 jackals
  3 quokkas
  11 ball pythons
  A frilled lizard (D:2)
  4 kobolds
  9 rats
132 creatures vanquished.

Vanquished Creatures (others)
  A kobold (D:4)
1 creature vanquished.

Grand Total: 133 creatures vanquished

Notes
Turn   | Place    | Note
-------+----------+-------------------------------------------
     0 | D:1      | NinjaNoafa the Kobold Hunter began the quest for the Orb.
     0 | D:1      | Reached XP level 1. HP: 12/12 MP: 1/1
   156 | D:1      | Reached XP level 2. HP: 15/18 MP: 2/2
   531 | D:1      | Reached XP level 3. HP: 21/22 MP: 3/3
   929 | D:2      | Noticed Jessica
   931 | D:2      | Killed Jessica
   932 | D:2      | Reached XP level 4. HP: 27/27 MP: 4/4
  1405 | D:2      | Found a faded altar of an unknown god.
  1464 | D:2      | Identified the ring of Guuttiufi {*Slow rPois rF+ MP+9
                  | Dex+5}
  1464 | D:2      | Noticed Sigmund
  1469 | D:2      | Killed Sigmund
  1470 | D:2      | Reached skill level 6 in Crossbows
  1470 | D:2      | Reached XP level 5. HP: 27/33 MP: 5/5
  1470 | D:2      | Reached XP level 6. HP: 31/38 MP: 6/6
  1694 | D:2      | Reached skill level 1 in Evocations
  2144 | D:3      | Identified the +5 hand axe of Woutax {drain, *Corrode
                  | +Blink rF++}
  2349 | D:3      | Identified a scroll of acquirement
  2350 | D:3      | Acquired a scarf of harm
  2768 | D:3      | Reached XP level 7. HP: 44/44 MP: 7/7
  2781 | D:3      | Found a shimmering altar of Xom.
  3071 | D:4      | Reached skill level 5 in Fighting
  3149 | D:4      | Reached skill level 5 in Evocations
  3202 | D:4      | Reached XP level 8. HP: 49/49 MP: 8/8
  3566 | D:4      | Found a shadowy altar of Dithmenos.
  3579 | D:4      | Became a worshipper of Dithmenos the Shadowed
  3594 | D:4      | Reached skill level 1 in Short Blades
  3832 | D:5      | Entered Level 5 of the Dungeon
  4138 | D:5      | Reached skill level 5 in Stealth
  4138 | D:5      | Reached skill level 1 in Invocations
  4498 | D:5      | Noticed Edmund
  4505 | D:5      | Killed Edmund
  4907 | D:6      | Reached XP level 9. HP: 54/54 MP: 11/11
  5102 | D:6      | Found Ydaovup's Distillery.
  5187 | D:6      | Reached skill level 5 in Short Blades
  5206 | D:6      | Reached skill level 5 in Invocations
  5384 | D:6      | Reached * piety under Dithmenos
  5574 | D:6      | Reached skill level 7 in Crossbows
  5578 | D:6      | Reached skill level 5 in Dodging
  5590 | D:6      | Reached skill level 8 in Crossbows
  5822 | D:6      | Found a sparkling altar of Nemelex Xobeh.
  5849 | D:6      | Found a staircase to the Ecumenical Temple.
  5862 | D:6      | Reached XP level 10. HP: 39/59 MP: 15/15
  5876 | Temple   | Entered the Ecumenical Temple
  6220 | Temple   | Fell from the grace of Dithmenos
  6220 | Temple   | Became a worshipper of Ashenzari the Shackled
  6312 | D:6      | Reached skill level 9 in Crossbows
  6733 | D:6      | Noticed an orc knight
  6733 | D:6      | Noticed a manticore
  6733 | D:6      | Noticed a centaur warrior
  6735 | D:6      | Mangled by an orc warrior

Illustrated notes

Levels and vault maps discovered:
D:1:      eino_arrival_cavern_e, layout_basic
D:2:      layout_loops_cross, shapermc_ecumenical_altar_acropolis, minmay_puff,
          uniq_sigmund, uniq_jessica
D:3:      layout_loops_ring, dk_xom_monty_hall, nrook_mini_vaults
D:4:      layout_loops_ring, mainiacjoe_overflow_small_starburst
D:5:      nicolae_cairo_tiling_large_dashed, layout_basic,
          kennysheep_decorative_pillar, uniq_edmund
D:6:      layout_basic, nemelex_diamond_rough_becter, temple_green,
          serial_shops, nicolae_diamond_shop, skrybe_limestone_x
Temple:   dshaligram_water_room_temple

Skill      XL: |  1  2  3  4  5  6  7  8  9 10 |
---------------+-------------------------------+-----
Stealth        | 2 4 6 7 |  7.0
Dodging        | 3 4 5 6 |  6.5
Fighting       | 3 4 5 |  5.1
Crossbows      | 6 8 9 |  9.0
Evocations     | 2 5 |  5.0
Short Blades   | 4 5 |  5.0
Invocations    | 3 7 |  7.0

Action                   |  1- 3 |  4- 6 |  7- 9 | 10-12 || total
-------------------------+-------+-------+-------+-------++-------
Melee: Unarmed           |       |     2 |       |       ||     2
       Hand axe          |       |       |    18 |       ||    18
       Short sword       |       |       |    31 |    10 ||    41
 Fire: Hand crossbow     |    59 |   115 |   130 |     4 ||   308
 Abil: Evoke Blink       |       |       |     1 |       ||     1
Evoke: Wand              |       |       |     4 |       ||     4
  Use: Scroll            |       |     5 |     4 |     2 ||    11
       Potion            |       |     7 |     3 |     2 ||    12
 Stab: Sleeping          |       |       |     7 |       ||     7
Armor: Leather armour    |     6 |     4 |       |       ||    10
       Robe              |       |     7 |    15 |     3 ||    25
       Skin              |       |    10 |       |       ||    10
Dodge: Dodged            |    18 |    51 |   111 |    21 ||   201

Table legend: (Time is in decaauts)
 A = Elapsed time spent in this place.
 B = Non-inter-level travel time spent in this place.
 C = Inter-level travel time spent in this place.
 D = Time resting spent in this place.
 E = Time spent auto-exploring this place.
 F = Levels seen in this place.
 G = Mean time per level.
                   A        B        C        D        E       F      G
               +--------+--------+--------+--------+--------+-----+--------+
         Total |   6785 |   6579 |    206 |     18 |   5580 |   7 |  969.3 |
       Dungeon |   6425 |   6235 |    190 |     18 |   5288 |   6 | 1070.8 |
        Temple |    360 |    344 |     16 |      0 |    292 |   1 |  360.0 |
               +--------+--------+--------+--------+--------+-----+--------+

Top non-repeatable levels by time:
     D:6: 1536 daAuts
     D:2: 1220 daAuts
     D:4: 1035 daAuts
     D:5: 1015 daAuts
     D:1: 880 daAuts
     D:3: 736 daAuts
  Temple: 360 daAuts
